 Dungeon Crawl Stone Soup version 0.30-a0-137-gd8773701ce (webtiles) character file.

Game seed: 17069974619982857859

5 tromp the Sneak (level 1, -3/10 HPs)
             Began as a Gargoyle Enchanter on Sept 22, 2022.
             Frozen to death by an endoplasm (4 damage)
             ... on level 1 of the Dungeon.
             The game lasted 00:03:15 (117 turns).

tromp the Sneak (Gargoyle Enchanter)                 Turns: 117, Time: 00:03:16

Health: -3/10      AC:  5    Str: 11    XL:     1   Next: 80%
Magic:  3/3        EV: 11    Int: 15    God:
Gold:   7          SH:  0    Dex: 10    Spells: 4/4 levels left

rFire   . . .      SeeInvis .    a - +1 dagger
rCold   . . .      Faith    .    (no shield)
rNeg    + . .      Spirit   .    d - +0 leather armour
rPois   ∞          Reflect  .    (no helmet)
rElec   +          Harm     .    (no cloak)
rCorr   .          Rampage  .    (no gloves)
Will    .....                    (no boots)
Stlth   ++........               (no amulet)
HPRegen 0.03/turn                (no ring)
MPRegen 0.08/turn                (no ring)

@: no status effects
A: sickness immunity, AC +2, negative energy resistance 1, electricity
resistance, torment resistance 1, petrification resistance
a: no special abilities


You were on level 1 of the Dungeon.
You visited 1 branch of the dungeon, and saw 1 of its levels.

You collected 7 gold pieces.

Inventory:

Hand Weapons
 a - a +1 dagger (weapon)
Missiles
 f - 2 poisoned darts (quivered)
Armour
 b - a +0 robe
 d - a +0 leather armour (worn)
Potions
 c - 2 potions of invisibility
 e - a potion of resistance {unknown}


   Skills:
 + Level 0.8 Short Blades
 + Level 1.5 Dodging
 + Level 3.6 Stealth
 + Level 2.0 Spellcasting
 + Level 2.8 Hexes


You had 4 spell levels left.
You didn't know any spells.
Your spell library contained the following spells:

 Spells                   Type           Power      Damage    Failure   Level
 Ensorcelled Hibernation  Hex/Ice        10%        N/A       24%         2
 Confusing Touch          Hex            10%        N/A       26%         3
 Tukima's Dance           Hex            10%        N/A       26%         3
 Dazzling Flash           Conj/Hex       10%        N/A       43%         3


Dungeon Overview and Level Annotations

Branches:
Dungeon (1/15)

Altars:


Innate Abilities, Weirdness & Mutations

You are immune to sickness and miasma.
Your stone body is resilient. (AC +2)
You are immune to poison.
You resist negative energy. (rN+)
You are resistant to electric shocks. (rElec)
You are resistant to unholy torment.
You are immune to petrification.


Message History

You see here a poisoned dart.
f - 2 poisoned darts (gained 1)
You barely miss the goblin. The bat hits you but does no damage.
The bat barely misses you. The goblin misses you.
An endoplasm comes into view.
You barely miss the goblin. The goblin closely misses you.
You closely miss the goblin. The bat closely misses you.
The goblin barely misses you.
An endoplasm comes into view.
You barely miss the goblin. The goblin misses you.
The bat hits you but does no damage.
The endoplasm quivers.
You hit the goblin.
You kill the goblin!
The bat misses you. The bat barely misses you.
A hobgoblin comes into view.
The hobgoblin shouts!
You hit the endoplasm.
The endoplasm is moderately wounded.
The bat closely misses you. The endoplasm freezes you.
You are frozen.
You hit the endoplasm but do no damage.
The endoplasm is moderately wounded.
The bat hits you but does no damage.
A goblin comes into view. It is wielding a +0 club.
The endoplasm jiggles.
The endoplasm freezes you.
You are frozen.
Ouch! That really hurt!
* * * LOW HITPOINT WARNING * * *
You barely miss the bat. The bat barely misses you.
The endoplasm hits you but does no damage.
You miss the bat. The bat barely misses you.
A rat comes into view.
The endoplasm hits you but does no damage.
The bat hits you but does no damage. The endoplasm freezes you.
You are frozen.
You die...

. ###....... ###....
.....r..#..####...##.####
#.................##.....
............≈≈≈≈...##...≈
##...#g....≈≈≈≈≈≈......§≈
.......#.#.≈≈≈≈≈≈......≈§
#..g....#.≈≈≈≈≈≈......≈≈
#.#(..J..b.≈≈≈≈..####§§§
#...J@........## ##..
#.............# #..
................## #..
.................####...
....##...................
..## #.........>........#
#.................##
#.................#
.................#


You could see 2 endoplasms, a hobgoblin, a goblin, a bat and a rat (wandering).

Vanquished Creatures
  A giant cockroach (D:1)
  A goblin (D:1)
  A quokka (D:1)
  A ball python (D:1)
  A bat (D:1)
5 creatures vanquished.

Notes
Turn   | Place    | Note
-------+----------+-------------------------------------------
     0 | D:1      | tromp the Gargoyle Enchanter began the quest for the Orb.
     0 | D:1      | Reached XP level 1. HP: 10/10 MP: 3/3
   117 | D:1      | Frozen to death by an endoplasm

Illustrated notes

Levels and vault maps discovered:
D:1:      dpeg_arrival_pits, layout_rooms, shapermc_ecumenical_altar_mp_vishouse

Action                   || total
-------------------------++-------
Melee: Dagger            ||    20
Throw: Dart              ||     5
  Use: Scroll            ||     1
       Potion            ||     1
Armor: Leather armour    ||     9
       Robe              ||     2
Dodge: Dodged            ||    18

Table legend: (Time is in decaauts)
 A = Elapsed time spent in this place.
 B = Non-inter-level travel time spent in this place.
 C = Inter-level travel time spent in this place.
 D = Time resting spent in this place.
 E = Time spent auto-exploring this place.
 F = Levels seen in this place.
 G = Mean time per level.
                   A        B        C        D        E       F      G
               +--------+--------+--------+--------+--------+-----+--------+
         Total |    116 |    116 |      0 |      0 |      0 |   1 |  116.0 |
       Dungeon |    116 |    116 |      0 |      0 |      0 |   1 |  116.0 |
               +--------+--------+--------+--------+--------+-----+--------+

Top non-repeatable levels by time:
     D:1: 116 daAuts
